 Dungeon Crawl Stone Soup version 0.28.0 (webtiles) character file.

Game seed: 8920491743191202744

539 GrayStillPlays the Shield-Bearer (level 7, -8/56 HPs)
             Began as a Formicid Fighter on Feb 13, 2022.
             Mangled by a gnoll (12 damage)
             ... on level 4 of the Dungeon.
             The game lasted 00:05:21 (2623 turns).

GrayStillPlays the Shield-Bearer (Formicid Fighter) Turns: 2623, Time: 00:05:21

Health: -8/56      AC:  7    Str: 22    XL:     7   Next: 51%
Magic:  7/7        EV:  5    Int:  8    God:
Gold:   85         SH:  0    Dex: 10    Spells: 6/6 levels left

rFire   . . .      SeeInvis +   a - +0 quarterstaff {staff}
rCold   . . .      Faith    .   c - +0 buckler
rNeg    . . .      Spirit   .   b - +0 scale mail
rPois   .          Reflect  .   (helmet unavailable)
rElec   .          Harm     .   (no cloak)
rCorr   .          Rampage  .   (no gloves)
Will    .....                   (no boots)
Stlth   ..........              r - amulet of regeneration {@e2}
HPRegen 0.98/turn               (no ring)
MPRegen 0.10/turn               (no ring)

@: held
A: permanent stasis, dig shafts and tunnels, antennae 3, four strong arms
a: Dig, Shaft Self


You were on level 4 of the Dungeon.
You visited 1 branch of the dungeon, and saw 4 of its levels.

You collected 85 gold pieces.


Innate Abilities, Weirdness & Mutations

You cannot be hasted, slowed, berserked, paralysed or teleported.
You can dig through walls and to a lower floor.
You have a pair of large antennae on your head. (SInv)
Your four strong arms can wield two-handed weapons with a shield.


   Skills:
 + Level 5.1 Fighting
 - Level 2.1 Staves
 + Level 5.2 Armour
 + Level 3.1 Dodging
 + Level 5.7 Shields


You had 6 spell levels left.
You didn't know any spells.
Your spell library contained the following spells:

 Spells                   Type           Power      Damage    Failure   Level
 Conjure Flame            Conj/Fire      0%         6-21      98%         3
 Gell's Gravitas          Tloc           0%         N/A       98%         3
 Ignite Poison            Fire/Tmut/Pois 0%         N/A       98%         3
 Lesser Beckoning         Tloc           0%         N/A       98%         3
 Teleport Other           Tloc           0%         N/A       98%         3
 Sticky Flame             Conj/Fire      0%         2d3       100%        4

Inventory:

Hand Weapons
 a - a +0 quarterstaff (weapon) {staff}
 z - a +1 mace of protection {mace}
   (You took it off an orc on level 3 of the Dungeon)
Missiles
 f - 23 bolts
 j - 82 stones {throwing}
 l - 45 arrows
 s - a throwing net {=f!fthrowing}
 t - 4 poisoned darts (quivered) {throwing}
Armour
 b - a +0 scale mail (worn)
 c - a +0 buckler (worn)
Jewellery
 r - an amulet of regeneration (around neck) {@e2}
   (You found it on level 2 of the Dungeon)
Wands
 y - a wand of flame (7)
   (You found it on level 3 of the Dungeon)
Scrolls
 e - a scroll of enchant armour {unknown}
 h - a scroll of silence {unknown}
 m - a scroll of enchant weapon {unknown}
 n - 5 scrolls of identify {unknown}
 p - a scroll of amnesia {unknown}
 u - a scroll of teleportation {unknown}
 v - a scroll of brand weapon {unknown}
 w - a scroll of magic mapping {unknown}
 A - a scroll of noise {unknown}
 B - a scroll of holy word {unknown}
Potions
 d - 4 potions of might
 g - 2 potions of attraction {unknown}
 i - a potion of haste {unknown}
 k - 2 potions of flight {unknown}
 o - a potion of heal wounds {unknown}
 q - a potion of mutation {unknown}
 x - a potion of resistance

Dungeon Overview and Level Annotations

Branches:
Dungeon (4/15)
 Temple: D:4-7

Altars:

Shops:
D:2 *

Annotations:
D:3 1 runed translucent door, Crazy Yiuf

#.........#
##.########
##+#### #.#
#.....# #.#
#.....# #.#
#.....# #.#
#.....# #.#
#.....# #.#
#)..g@###.#
#.....'...#
#...gg#####
+....gJ..#
#....Z##.#
#.....Z..#
#......###
########)#
....J.{..#
{


You could see a gnoll shaman, 3 gnolls, an endoplasm, an adder skeleton and a
centaur skeleton.


Message History

An adder skeleton comes into view.
You completely miss the centaur skeleton.
You block the centaur skeleton's attack.
The centaur skeleton kicks you but does no damage.
A gnoll comes into view. It is wielding a +0 spear.
The gnoll shouts!
You sock the centaur skeleton! The centaur skeleton hits you.
The centaur skeleton kicks you but does no damage.
An endoplasm comes into view.
The centaur skeleton hits you but does no damage.
The centaur skeleton barely misses you. 😕 HP[-1]
You take 1 damage, and now have 55/56 hp. 😎 HP[+1]
Your hp is fully restored (56).
You sock the centaur skeleton! The centaur skeleton hits you.
You block the centaur skeleton's attack. 😕 HP[-2]
You take 2 damage, and now have 54/56 hp.
You hit the gnoll. 😎 HP[+2]
Your hp is fully restored (56).
You thump the gnoll!
You kill the gnoll!
You block the gnoll's attack.
The centaur skeleton hits you but does no damage.
The centaur skeleton kicks you but does no damage.
You hit the centaur skeleton but do no damage.
You block the centaur skeleton's attack. x2
You sock the gnoll!
You kill the gnoll!
The gnoll shaman calls upon its god to speed up something.
The endoplasm quivers.
The gnoll closely misses you.
The gnoll hits you from afar with a +0 spear.
You block the gnoll shaman's attack. The gnoll misses you.
Items here: )) ††. 😕 HP[-2]
You take 2 damage, and now have 54/56 hp. 😕 HP[+1]
You barely miss the gnoll.
The gnoll hits you but does no damage. 😎 HP[+1]
Your hp is fully restored (56).
You hit the gnoll shaman but do no damage.
The gnoll shaman hits you with a +0 whip!
The gnoll hits you from afar with a +0 halberd!
The gnoll hits you with a +0 spear. 😮 HP[-18]
You take 18 damage, and now have 38/56 hp.
MASSIVE DAMAGE!! (PAUSE)
The gnoll barely misses you.
The gnoll closely misses you. 😮 HP[+1] 😮 HP[+1] 😮 HP[+1] 😮 HP[+1]
The gnoll throws a throwing net.
The throwing net hits you.
You become entangled in the net!
You see here a throwing net {=f!fthrowing}. 😕 HP[+1]
You struggle against the net.
The gnoll shaman barely misses you.
The gnoll hits you from afar with a +0 spear. 😮 HP[-4]
You take 4 damage, and now have 39/56 hp.
You struggle against the net.
The gnoll hits you from afar with a +0 halberd!
The gnoll shaman completely misses you.
The gnoll hits you from afar with a +0 spear.
The gnoll hits you from afar with a +0 halberd.
* * * LOW HITPOINT WARNING * * *
😨 HP[-14]
You take 14 damage, and now have 25/56 hp.
MASSIVE DAMAGE!! (PAUSE)
You struggle against the net.
The gnoll hits you from afar with a +0 halberd.
* * * LOW HITPOINT WARNING * * *
The gnoll hits you but does no damage. 😨 HP[-3]
You take 3 damage, and now have 22/56 hp.
You shred the net and break free!
The gnoll throws a throwing net.
The throwing net hits you.
You become entangled in the net!
The gnoll shaman calls upon its god to speed up the gnoll.
The gnoll seems to speed up.
The gnoll barely misses you.
The gnoll hits you from afar with a +0 halberd!
* * * LOW HITPOINT WARNING * * *
😱 HP[-9]
You take 9 damage, and now have 13/56 hp.
You struggle against the net.
The gnoll hits you from afar with a +0 spear.
* * * LOW HITPOINT WARNING * * *
The gnoll shaman hits you with a +0 whip!
* * * LOW HITPOINT WARNING * * *
The gnoll closely misses you. 😱 HP[-10]
You take 10 damage, and now have 3/56 hp.
You struggle against the net.
The gnoll hits you but does no damage.
The gnoll hits you from afar with a +0 halberd!
You die...

Skill      XL: |  1  2  3  4  5  6 |
---------------+-------------------+-----
Shields        | 4 5 |  5.7
Dodging        | 1 2 3 |  3.1
Armour         | 4 5 |  5.2
Fighting       | 4 5 |  5.1
Staves         | |  2.1

Action                   |  1- 3 |  4- 6 |  7- 9 || total
-------------------------+-------+-------+-------++-------
Melee: Quarterstaff      |    72 |   167 |    13 ||   252
Throw: Dart              |       |     3 |       ||     3
 Abil: Dig               |     1 |     1 |       ||     2
Armor: Scale mail        |    48 |    85 |    10 ||   143
Dodge: Dodged            |    42 |   111 |    10 ||   163
Block: Buckler           |    24 |    60 |     7 ||    91

Levels and vault maps discovered:
D:1:      minmay_arrival_diagonal_passages, layout_rooms, chequers_big_river,
          supply_closet_lemuel, due_unseen_surprise
D:2:      layout_basic, serial_shops, shop
D:3:      layout_rooms, uniq_crazy_yiuf_cottage, uniq_grinder, uniq_natasha
D:4:      layout_basic

Notes
Turn   | Place    | Note
-------+----------+-------------------------------------------
     0 | D:1      | GrayStillPlays the Formicid Fighter began the quest for the
                  | Orb.
     0 | D:1      | Reached XP level 1. HP: 18/18 MP: 1/1
     0 | D:1      | magus.rc [v1.9.6]
   257 | D:1      | Reached XP level 2. HP: 24/24 MP: 2/2
   369 | D:1      | You add the spells Conjure Flame, Ignite Poison and Sticky
                  | Flame to your library.
   468 | D:1      | Reached skill level 4 in Shields
   468 | D:1      | Reached XP level 3. HP: 23/29 MP: 3/3
   984 | D:2      | Found Giorroco's General Store.
  1021 | D:2      | Reached skill level 1 in Dodging
  1062 | D:2      | Reached XP level 4. HP: 12/37 MP: 4/4
  1271 | D:2      | You pick up a book of Displacement and begin reading...
  1271 | D:2      | You add the spells Lesser Beckoning, Gell's Gravitas and
                  | Teleport Other to your library.
  1423 | D:2      | Reached skill level 4 in Armour
  1430 | D:2      | Reached skill level 4 in Fighting
  1430 | D:2      | Reached XP level 5. HP: 26/42 MP: 5/5
  1524 | D:2      | Noticed a black bear
  1533 | D:2      | Killed a black bear
  1534 | D:2      | Reached skill level 2 in Dodging
  1534 | D:2      | Reached XP level 6. HP: 47/49 MP: 6/6
  1595 | D:2      | You pick up a book of Displacement and begin reading...
  1821 | D:2      | Reached skill level 5 in Shields
  1851 | D:3      | Noticed Natasha
  1860 | D:3      | Killed Natasha
  1871 | D:3      | Noticed Natasha
  1883 | D:3      | Killed Natasha
  1922 | D:3      | Found a runed translucent door.
  1923 | D:3      | Noticed Crazy Yiuf
  2134 | D:3      | Noticed Natasha
  2146 | D:3      | Killed Natasha
  2287 | D:3      | Noticed Grinder
  2318 | D:3      | Killed Grinder
  2319 | D:3      | Reached skill level 5 in Fighting
  2319 | D:3      | Reached skill level 5 in Armour
  2319 | D:3      | Reached skill level 3 in Dodging
  2319 | D:3      | Reached XP level 7. HP: 31/56 MP: 7/7
  2621 | D:4      | HP: 13/56 [gnoll (10)]
  2622 | D:4      | HP: 3/56 [gnoll shaman (7)]
  2623 | D:4      | Mangled by a gnoll

Vanquished Creatures
  Grinder (D:3)
  A black bear (D:2)
  Natasha (thrice) (D:3)
  6 gnolls
  6 adders
  A worm (D:2)
  A dart slug (D:2)
  12 orcs (D:3)
  6 bats
  6 endoplasms
  3 giant cockroaches (D:1)
  2 goblins (D:1)
  5 hobgoblins
  3 jackals (D:1)
  3 quokkas
  3 ball pythons
  5 kobolds
  A rat (D:3)
68 creatures vanquished.

Table legend:
 A = Non-vault XP
 B = Vault XP
 C = Vault XP percentage of total XP
 D = Non-vault monster count
 E = Vault monster count
 F = Vault count percentage of total count
                 A         B        C        D         E       F
            +---------+---------+-------+---------+---------+-------
      Total |     478 |     293 |  38.0 |      66 |       2 |   2.9
            +---------+---------+-------+---------+---------+-------
        D:1 |      33 |       0 |   0.0 |      19 |       0 |   0.0
        D:2 |     279 |       0 |   0.0 |      20 |       0 |   0.0
        D:3 |     139 |     293 |  67.8 |      25 |       2 |   7.4
        D:4 |      27 |       0 |   0.0 |       2 |       0 |   0.0
            +---------+---------+-------+---------+---------+-------

Illustrated notes

Table legend:
 A = Kills in this place as a percentage of kills in entire the game.
 B = Kills by you in this place as a percentage of kills by you in the entire game.
 C = Kills by friends in this place as a percentage of kills by friends in the entire game.
 D = Other kills in this place as a percentage of other kills in the entire game.
 E = Experience gained in this place as a percentage of experience gained in the entire game.
 F = Experience gained in this place divided by the number of levels of this place that you have seen.
                   A       B       C       D       E      F
               +-------+-------+-------+-------+-------+----------------------
         Total | 100.0 | 100.0 |   N/A |   N/A | 100.0 | 192.8
       Dungeon | 100.0 | 100.0 |   N/A |   N/A | 100.0 | 192.8
               +-------+-------+-------+-------+-------+----------------------

Table legend: (Time is in decaauts)
 A = Elapsed time spent in this place.
 B = Non-inter-level travel time spent in this place.
 C = Inter-level travel time spent in this place.
 D = Time resting spent in this place.
 E = Time spent auto-exploring this place.
 F = Levels seen in this place.
 G = Mean time per level.
                   A        B        C        D        E       F      G
               +--------+--------+--------+--------+--------+-----+--------+
         Total |   2689 |   2524 |    165 |      0 |   1870 |   4 |  672.2 |
       Dungeon |   2689 |   2524 |    165 |      0 |   1870 |   4 |  672.2 |
               +--------+--------+--------+--------+--------+-----+--------+

Top non-repeatable levels by time:
     D:1: 974 daAuts
     D:2: 880 daAuts
     D:3: 767 daAuts
     D:4: 67 daAuts
